Map: Heavy Artillery LE

Players

PiPuxD

  • Race: Zerg Zerg
  • League: Gold
  • Spawn Location: 3:00

MattBarry

  • Race: Zerg Zerg
  • League: Gold
  • Spawn Location: 1:00

Samu - Winner!

  • Race: Zerg Zerg
  • League: Diamond
  • Spawn Location: 7:00

sam - Winner!

  • Race: Protoss Protoss
  • League: Diamond
  • Spawn Location: 7:00

VOD

Have the link to the VOD?

Description

Time

  • Played on: Jan. 27, 2023, 10:04 p.m.
  • Length: 15:21
Show
View Real Time Build Order
Export as new Build Order

PiPuxD Zerg 

Build Orders: Hatch First, Roach Hydra 

Get SALT Encoding   

  12  0:00  Drone  
  13  0:13  Overlord  
  13  0:21  Drone  
  14  0:31  Drone x2  
  16  0:49  Hatchery  
  15  0:54  Drone  
  16  1:02  Drone  
  17  1:11  Spawning Pool  
  17  1:16  Drone  
  17  1:17  Drone  
  18  1:24  Overlord  
  18  1:28  Extractor  
  18  1:29  Drone  
  18  1:39  Drone  
  19  1:54  Drone  
  20  2:02  Queen  
  20  2:03  Queen  
  24  2:09  Zergling x4  
  24  2:14  Drone x2  
  28  2:24  Drone x2  
  30  2:33  Metabolic Boost  
  30  2:36  Overlord  
  30  2:47  Queen  
  30  2:48  Queen  
  34  2:58  Zergling x4  
  36  3:00  Drone x2  
  36  3:01  Spine Crawler  
  37  3:06  Overlord  
  37  3:35  Roach Warren, Lair  
  37  3:36  Drone  
  37  3:37  Drone x6  
  37  3:39  Extractor  
  42  3:56  Drone x3  
  42  3:59  Drone  
  42  4:00  Extractor, Drone x3  
  48  4:20  Drone x4  
  48  4:21  Overlord x2  
  52  4:34  Evolution Chamber  
  52  4:37  Evolution Chamber  
  52  4:38  Hydralisk Den  
  49  4:40  Queen  
  49  4:42  Drone  
  49  4:43  Drone x5  
  57  4:51  Pneumatized Carapace  
  59  4:53  Roach x3  
  59  4:55  Overlord  
  63  5:14  Drone x5  
  60  5:30  Grooved Spines  
  60  5:32  Zerg Ground Armor Level 1, Zerg Missile Weapons Level 1  
  60  5:33  Glial Reconstitution  
  60  5:35  Overlord  
  60  5:36  Roach  
  60  5:37  Roach x2  
  60  5:40  Spore Crawler  
  60  5:41  Overseer  
  65  5:43  Spore Crawler  
  65  5:45  Roach x2  
  58  6:24  Roach x5  
  58  6:25  Roach  
  66  6:26  Zergling x4  
  60  6:33  Hydralisk x2  
  62  6:50  Drone x2  
  62  7:12  Drone x4  
  62  7:14  Drone x2  
  68  7:26  Drone  
  68  7:27  Drone, Spine Crawler  
  69  7:30  Muscular Augments  
  69  7:31  Zerg Missile Weapons Level 2  
  69  7:33  Zerg Ground Armor Level 2  
  69  7:51  Drone x4  
  70  7:52  Drone x3  
  76  8:09  Drone x4  
  80  8:15  Overlord x2  
  80  8:26  Hatchery  
  79  8:34  Hydralisk  
  79  8:35  Hydralisk x5  
  89  8:47  Hydralisk x3  
  83  8:58  Queen  
  81  9:07  Hydralisk x4  
  81  9:09  Roach  
  75  9:19  Spine Crawler  
  74  9:25  Drone x2  
  74  9:26  Drone x3  
  74  9:27  Overlord x2  
  74  9:28  Roach x2  
  83  9:37  Queen  
  85  9:53  Drone x12  
  81  10:09  Roach  
  81  10:10  Roach x2  
  81  10:13  Hydralisk x2  
  91  10:19  Hatchery  
  90  10:27  Extractor  
  89  10:28  Extractor  
  88  10:47  Infestation Pit  
  87  10:50  Lurker Den  
  87  10:53  Spire  
  87  10:56  Extractor  
  84  11:05  Hydralisk  
  84  11:06  Hydralisk x4  
  84  11:08  Zergling x10  
  84  11:09  Zergling x16  
  107  11:21  Roach x6  
  119  11:36  Hive  
  119  11:55  Roach x4  
  119  11:56  Overlord x3  
  119  12:01  Extractor  
  126  12:03  Extractor  
  125  12:09  Zerg Flyer Weapons Level 1  
  125  12:25  Drone x5  
  125  12:26  Drone x4  
  134  12:42  Hydralisk  
  134  12:43  Hydralisk x8  
  152  12:45  Overlord x3  
  152  12:54  Adaptive Talons  
  152  13:11  Drone x5  
  152  13:12  Drone x2  
  159  13:20  Hydralisk x4  
  134  13:52  Seismic Spines  
  134  13:55  Hydralisk x2  
  120  13:56  Hydralisk x8  
  96  14:19  Hydralisk  
  96  14:20  Hydralisk x3  
  96  14:22  Overlord x2  
  74  14:35  Hydralisk x3  
  40  14:47  Hydralisk  
Show
View Real Time Build Order
Export as new Build Order

MattBarry Zerg 

Build Orders: Hatch First 

Get SALT Encoding   

  12  0:00  Drone  
  13  0:12  Overlord  
  13  0:17  Drone  
  14  0:31  Drone x2  
  16  0:53  Drone  
  16  0:54  Hatchery  
  16  1:00  Drone  
  16  1:04  Drone  
  18  1:07  Extractor  
  17  1:17  Spawning Pool  
  17  1:25  Drone  
  17  1:26  Drone  
  17  1:32  Drone  
  19  1:41  Overlord  
  19  2:05  Zergling x2  
  19  2:06  Zergling x2, Queen  
  19  2:07  Queen  
  25  2:11  Zergling x2  
  25  2:15  Metabolic Boost  
  26  2:28  Drone x2  
  26  2:29  Drone x2  
  30  2:41  Drone  
  30  2:42  Drone  
  32  2:54  Drone  
  32  2:55  Drone x2  
  35  3:04  Drone  
  36  3:24  Overlord x2  
  33  3:35  Roach Warren, Drone  
  33  3:36  Extractor, Overlord  
  33  3:37  Overlord  
  33  3:38  Drone x3  
  33  3:39  Drone  
  36  3:44  Queen x2  
  40  3:59  Drone x3  
  43  4:05  Evolution Chamber  
  43  4:08  Evolution Chamber  
  41  4:10  Drone x5  
  46  4:18  Roach  
  46  4:19  Roach x3  
  54  4:28  Pneumatized Carapace  
  54  4:32  Zerg Ground Armor Level 1  
  54  4:37  Lair  
  54  4:55  Hatchery  
  54  4:57  Zerg Missile Weapons Level 1  
  53  5:00  Zergling x6  
  53  5:01  Zergling x2  
  57  5:22  Overlord  
  57  5:24  Roach x2  
  57  5:39  Overseer  
  46  6:00  Drone x3  
  46  6:01  Drone x4  
  50  6:12  Roach  
  50  6:13  Roach x2  
  50  6:18  Roach x5  
  55  6:36  Roach  
  50  6:52  Drone x6  
  50  6:53  Drone  
  45  7:23  Drone  
  45  7:24  Drone x8  
  54  7:36  Overseer, Hatchery  
  53  7:39  Spore Crawler  
  53  7:41  Spore Crawler  
  41  8:12  Drone  
  41  8:13  Drone x10  
  41  8:15  Queen x2  
  53  8:35  Glial Reconstitution  
  53  8:36  Drone  
  53  8:37  Drone x3  
  56  9:00  Drone x2  
  58  9:05  Ravager  
  58  9:08  Drone x4  
  63  9:16  Spore Crawler  
  62  9:17  Spore Crawler  
  62  9:19  Hatchery  
  62  9:20  Spore Crawler  
  59  9:51  Overseer  
  59  9:56  Roach x2  
  63  10:02  Roach, Overlord x2  
  63  10:03  Roach  
  67  10:08  Zergling x16  
  73  10:23  Hydralisk Den  
  73  10:24  Drone x2  
  73  10:25  Drone  
  75  10:48  Drone x3  
  75  10:49  Drone x4  
  82  10:50  Drone  
  67  11:19  Hydralisk x6  
  67  11:25  Roach, Extractor  
  80  11:26  Roach, Zergling x2  
  80  11:27  Zergling x8, Extractor  
  86  11:49  Drone x5  
  86  11:50  Drone  
  92  11:55  Overlord x2  
  92  11:56  Hydralisk  
  92  11:57  Zerg Missile Weapons Level 2  
  94  12:06  Grooved Spines  
  94  12:20  Extractor  
  93  12:22  Extractor  
  92  12:43  Drone x4  
  92  12:44  Drone x7  
  97  13:07  Overlord x2  
  97  13:13  Infestation Pit  
  97  13:17  Muscular Augments  
  97  13:18  Hydralisk  
  97  13:19  Hydralisk x4  
  102  13:21  Roach x4  
  102  13:22  Overlord x4  
  102  13:23  Overlord  
  114  13:38  Roach x8  
  128  13:50  Hydralisk x6  
  128  13:51  Hydralisk  
  128  13:53  Hatchery  
  136  13:57  Hydralisk x2  
  111  14:10  Hydralisk  
  111  14:11  Hydralisk x2  
  111  14:19  Hydralisk  
  111  14:20  Hydralisk  
  111  14:22  Zergling x12  
  105  14:40  Roach x3  
  105  14:53  Roach x7  
  105  14:54  Roach x3  
  116  15:01  Roach x2  
  116  15:02  Roach x3  
Show
View Real Time Build Order
Export as new Build Order

Samu Zerg - Winner!

Build Orders: Hatch First 

Get SALT Encoding   

  12  0:00  Drone  
  13  0:14  Overlord  
  13  0:20  Drone  
  14  0:32  Drone x2  
  16  0:54  Hatchery  
  16  0:55  Drone  
  16  1:06  Drone x2  
  18  1:13  Drone  
  19  1:20  Drone  
  20  1:27  Spawning Pool  
  20  1:30  Extractor  
  18  1:39  Drone  
  19  1:40  Drone  
  20  1:52  Overlord  
  20  2:05  Drone  
  21  2:14  Queen x2  
  25  2:16  Zergling x4  
  27  2:23  Drone  
  27  2:25  Drone  
  29  2:31  Drone  
  29  2:34  Overlord  
  30  2:43  Drone  
  31  2:47  Metabolic Boost  
  31  3:10  Zergling x2  
  31  3:11  Zergling x4, Overlord  
  31  3:12  Baneling Nest  
  33  3:21  Spine Crawler  
  33  3:23  Zergling x4  
  33  3:24  Zergling x4  
  36  3:34  Spine Crawler  
  36  3:39  Queen  
  37  3:56  Drone x6  
  37  3:57  Drone  
  37  3:58  Baneling x2  
  37  3:59  Baneling x2  
  44  4:14  Baneling  
  44  4:16  Overlord  
  43  4:39  Zergling x2  
  43  4:40  Zergling x16  
  52  4:48  Overlord x2  
  52  5:00  Roach Warren  
  52  5:05  Baneling x2  
  49  5:18  Evolution Chamber  
  48  5:22  Baneling x2  
  48  5:35  Hatchery  
  47  5:45  Zerg Missile Weapons Level 1  
  47  5:47  Hatchery  
  46  5:52  Extractor  
  46  5:53  Extractor  
  43  6:06  Roach  
  43  6:07  Drone x6  
  43  6:08  Drone x6  
  52  6:24  Lair  
  49  6:27  Drone x7  
  50  6:43  Roach x5  
  60  6:55  Roach x3  
  60  7:01  Queen  
  68  7:02  Queen  
  70  7:09  Roach x3  
  70  7:11  Overlord  
  76  7:21  Overlord x2  
  76  7:22  Roach  
  78  7:30  Glial Reconstitution  
  78  7:32  Roach x3  
  84  8:03  Roach x10  
  84  8:05  Overlord x2  
  104  8:19  Overlord x2  
  104  8:24  Drone  
  104  8:26  Drone x2  
  104  8:27  Drone x7  
  114  8:34  Roach  
  114  8:35  Roach x2  
  118  8:44  Roach x4  
  118  8:46  Roach  
  118  8:52  Roach x2  
  108  8:58  Roach x2  
  108  8:59  Roach  
  108  9:01  Roach  
  106  9:05  Roach x2  
  94  9:19  Zerg Missile Weapons Level 2  
  94  9:21  Ravager  
  94  9:22  Ravager  
  96  9:28  Extractor  
  96  9:29  Extractor  
  94  9:48  Roach x7  
  94  9:49  Hatchery, Extractor  
  106  9:56  Ravager  
  99  10:10  Roach  
  99  10:11  Roach x4  
  109  10:28  Drone x8  
  114  10:30  Roach x7  
  131  10:48  Ravager x3  
  134  10:51  Overlord  
  134  10:52  Overlord x8  
  134  10:55  Queen  
  136  10:58  Overseer  
  136  11:08  Drone x6  
  142  11:19  Hydralisk Den  
  141  11:30  Spore Crawler  
  140  11:33  Spore Crawler  
  140  11:34  Spore Crawler, Drone x9  
  140  11:35  Drone x4  
  151  11:45  Overseer  
  151  11:56  Roach  
  151  11:57  Roach x7  
  167  12:10  Hatchery  
  166  12:19  Grooved Spines  
  164  12:23  Zerg Ground Armor Level 1  
  164  12:24  Roach  
  164  12:25  Roach x10  
  186  12:46  Hydralisk x3  
  186  12:47  Hydralisk x4  
  200  12:52  Infestation Pit  
  200  12:58  Lurker Den  
  198  13:08  Evolution Chamber  
  197  13:19  Extractor x2  
  195  13:30  Muscular Augments  
  195  13:39  Hydralisk  
  195  13:40  Roach  
  195  13:41  Hydralisk, Roach  
  199  13:42  Hydralisk x3  
  199  13:43  Hatchery  
  145  14:05  Hydralisk x4  
  145  14:06  Hydralisk x3, Roach x5  
  145  14:07  Roach  
  147  14:20  Hydralisk  
  147  14:21  Hydralisk x3, Roach x2  
  147  14:22  Roach  
  141  14:34  Hydralisk x2  
  141  14:35  Hydralisk x6, Roach x3  
  141  14:36  Roach x3  
  141  14:38  Drone x5  
Show
View Real Time Build Order
Export as new Build Order

sam Protoss - Winner!

Build Orders: Dark Templar Rush 

Get SALT Encoding   

  12  0:00  Probe (Chrono Boost)  
  13  0:10  Probe (Chrono Boost)  
  14  0:20  Pylon  
  14  0:21  Probe  
  15  0:38  Gateway  
  15  0:39  Probe  
  16  0:44  Assimilator  
  16  0:51  Probe  
  16  0:54  Assimilator  
  17  1:08  Probe (Chrono Boost)  
  19  1:18  Probe (Chrono Boost)  
  19  1:23  Probe (Chrono Boost)  
  20  1:31  Cybernetics Core  
  20  1:32  Pylon  
  20  1:34  Probe  
  21  1:46  Probe  
  22  1:58  Nexus, Probe  
  23  2:14  Warp Gate (Chrono Boost)  
  23  2:18  Stalker  
  25  2:23  Shield Battery  
  25  2:27  Probe  
  26  2:34  Pylon  
  26  2:39  Probe  
  27  2:47  Pylon  
  27  2:51  Probe  
  28  3:00  Pylon  
  27  3:08  Pylon  
  27  3:12  Twilight Council  
  27  3:19  Stalker  
  27  3:25  Probe x2  
  29  3:30  Shield Battery  
  29  3:37  Probe x2  
  31  3:49  Probe x2  
  31  3:50  Gateway  
  31  3:55  Dark Shrine  
  33  3:57  Charge  
  33  4:09  Gateway  
  33  4:12  Probe x2  
  33  4:15  Assimilator  
  35  4:21  Gateway  
  36  4:24  Probe x2  
  37  4:38  Gateway  
  37  4:41  Gateway  
  37  4:42  Probe x2  
  39  4:51  Gateway  
  39  4:54  Probe (Chrono Boost)  
  39  4:55  Probe (Chrono Boost)  
  39  4:56  Assimilator  
  41  5:05  Gateway  
  41  5:06  Probe (Chrono Boost)  
  42  5:13  Dark Templar x2  
  46  5:16  Dark Templar  
  48  5:37  Dark Templar x2  
  48  5:38  Dark Templar  
  50  5:58  Dark Templar x2  
  50  6:00  Zealot x3  
  58  6:06  Probe x2  
  60  6:13  Zealot x3  
  60  6:18  Probe  
  61  6:26  Zealot x3  
  65  6:34  Dark Templar x2  
  65  6:38  Zealot x2  
  65  6:39  Zealot  
  67  6:52  Zealot  
  67  6:53  Zealot x2  
  55  7:05  Robotics Facility, Probe (Chrono Boost)  
  55  7:06  Probe (Chrono Boost)  
  51  7:11  Stalker x3  
  54  7:16  Probe (Chrono Boost)  
  54  7:17  Dark Templar  
  56  7:26  Dark Templar  
  56  7:39  Dark Templar  
  58  7:59  Dark Templar  
  58  8:00  Dark Templar  
  60  8:15  Immortal  
  60  8:30  Probe  
  60  8:31  Probe  
  60  8:36  Forge, Nexus  
  60  8:38  Dark Templar x3  
  62  8:57  Immortal  
  62  8:59  Probe x2  
  66  9:12  Forge  
  66  9:14  Pylon  
  66  9:17  Pylon  
  66  9:19  Pylon x2  
  66  9:22  Pylon  
  66  9:24  Pylon  
  66  9:29  Pylon  
  66  9:31  Pylon  
  66  9:32  Probe x2  
  66  9:33  Immortal (Chrono Boost)  
  66  9:35  Forge  
  66  9:37  Forge  
  72  9:39  Zealot x2  
  72  9:40  Zealot  
  72  9:41  Protoss Ground Weapons Level 1 (Chrono Boost)  
  78  9:48  Probe  
  78  9:49  Probe x2  
  81  9:53  Protoss Ground Armor Level 1 (Chrono Boost)  
  81  10:00  Probe  
  81  10:01  Probe x2  
  84  10:10  Warp Prism (Chrono Boost)  
  84  10:13  Probe x3  
  89  10:23  Templar Archives  
  89  10:32  Assimilator  
  89  10:34  Immortal (Chrono Boost)  
  93  10:36  Assimilator  
  93  10:37  Protoss Shields Level 1 (Chrono Boost)  
  93  10:44  Gateway  
  93  10:46  Gateway  
  93  10:47  Gateway  
  93  10:56  Probe x2  
  95  10:58  Probe  
  96  11:11  Probe x3  
  98  11:13  Immortal (Chrono Boost)  
  103  11:24  Psionic Storm  
  103  11:26  Protoss Ground Armor Level 2 (Chrono Boost)  
  103  11:27  Nexus  
  103  11:33  Protoss Ground Weapons Level 2 (Chrono Boost)  
  103  11:38  Pylon x2  
  103  11:40  Pylon x2  
  103  11:43  Assimilator  
  103  11:44  Assimilator  
  103  11:51  Observer (Chrono Boost)  
  104  11:58  Gateway  
  104  11:59  Gateway  
  104  12:01  Gateway  
  104  12:02  Photon Cannon  
  104  12:03  Photon Cannon  
  104  12:04  Observer  
  104  12:05  Gateway  
  105  12:10  Photon Cannon  
  105  12:14  Shield Battery  
  105  12:25  Protoss Shields Level 2 (Chrono Boost)  
  105  12:35  Zealot x5  
  105  12:36  Zealot x3  
  121  12:45  Probe (Chrono Boost)  
  122  12:55  Probe (Chrono Boost)  
  123  13:00  Photon Cannon, Probe (Chrono Boost)  
  123  13:04  Photon Cannon  
  124  13:06  High Templar x2  
  124  13:07  High Templar x2  
  124  13:08  High Templar  
  124  13:09  High Templar x2  
  124  13:10  Zealot x3  
  124  13:11  Stalker x3  
  124  13:12  Probe  
  151  13:29  Probe  
  152  13:35  Pylon  
  152  13:41  Probe  
  153  13:42  Pylon  
  153  13:44  Stalker  
  153  13:45  Stalker x8  
  153  13:46  Stalker x2  
  169  13:53  Probe  
  158  14:03  Zealot x4  
  157  14:21  Zealot x7  
  157  14:22  Zealot x3  
  169  14:32  Zealot x5  
  171  14:49  Stalker x2  
  171  14:50  Stalker x6  
  171  14:51  Stalker  
  161  15:11  Zealot x2  
  161  15:12  Zealot x5  
  169  15:20  Stalker  
  169  15:21  Stalker x3  
Tags
 
Add a new tag
Caveats
  • Supply blocks, unpowered buildings, or Contaminate may cause inaccurate times.
  • Supply counts are checked every 10 seconds.